General information
- name: BNet
- type: Ladder team game (AT/RT)
- host: Battle.net
- saver: blackbird.fly
map: Mur'gulOasis
- players: 8
- length: 27:46
- speed: Fast
- version: 1.26 W3XP
- replay type: Public
» download(212 KB)
Players
team 1 (loser)
mike10 (
green | 90 APM | 2505 actions | 27:44)
5 Dreadlord
2 Vampiric Aura
3 Carrion Swarm
4 Crypt Lord
2 Impale
2 Spiked Carapace
» actions
| Assign group hotkey | 50 | |
| Basic commands | 33 | |
| Build / train | 71 | |
| Enter build submenu | 16 | |
| Enter hero's abilities submenu | 9 | |
| Remove unit from queue | 6 | |
| Right click | 1583 | |
| Select / deselect | 424 | |
| Select group hotkey | 262 | |
| Use ability | 51 | |
2505 total
» units
| Acolyte | 2 | |
| Ghoul | 16 | |
| Gargoyle | 17 | |
| Crypt Fiend | -1 | |
34 total
» upgrades
| Ghoul Frenzy | 1 | |
| Unholy Strength | 3 | |
| Unholy Armor | 1 | |
| Cannibalize | 1 | |
| Stone Form | 1 | |
| Creature Attack | 2 | |
| Creature Carapace | 1 | |
10 total
» buildings
| Crypt | 2 | |
| Ziggurat | 5 | |
| Altar of Darkness | 1 | |
| Tomb of Relics | 1 | |
| Halls of the Dead | 1 | |
| Graveyard | 1 | |
| Black Citadel | 1 | |
| Sacrificial Pit | 1 | |
13 total
» build order
00:06 Crypt
00:08 Ziggurat
00:36 Altar of Darkness
00:58 Ziggurat
02:10 Tomb of Relics
02:37 Halls of the Dead
03:36 Graveyard
04:15 Ziggurat
04:17 Ziggurat
05:18 Black Citadel
06:47 Crypt
08:06 Ziggurat
13:00 Sacrificial Pit
» items
| Orb of Corruption | 1 | |
| Scroll of Town Portal | 3 | |
| Potion of Healing | 2 | |
| Boots of Speed | 1 | |
| Potion of Lesser Invulnerability | 1 | |
8 total
JadiZZLe07 (
teal | 69 APM | 1765 actions | 25:36)
5 Death Knight
3 Death Coil
2 Unholy Aura
1 Lich
1 Frost Nova
» actions
| Assign group hotkey | 8 | |
| Basic commands | 1 | |
| Build / train | 69 | |
| Enter build submenu | 20 | |
| Enter hero's abilities submenu | 6 | |
| Give item / drop item | 3 | |
| Remove unit from queue | 1 | |
| Right click | 1179 | |
| Select / deselect | 373 | |
| Select group hotkey | 17 | |
| Use ability | 88 | |
1765 total
» units
| Acolyte | 4 | |
| Ghoul | 4 | |
| Crypt Fiend | 11 | |
| Obsidian Statue | 2 | |
| Frost Wyrm | 5 | |
26 total
» upgrades
| Creature Attack | 2 | |
| Creature Carapace | 1 | |
| Web | 1 | |
| Destroyer Form | 1 | |
5 total
» buildings
| Crypt | 1 | |
| Graveyard | 1 | |
| Ziggurat | 5 | |
| Altar of Darkness | 1 | |
| Tomb of Relics | 1 | |
| Nerubian Tower | 4 | |
| Spirit Tower | 3 | |
| Necropolis | 1 | |
| Halls of the Dead | 1 | |
| Black Citadel | 2 | |
| Slaughterhouse | 1 | |
| Sacrificial Pit | 3 | |
| Boneyard | 3 | |
27 total
» build order
00:27 Crypt
00:34 Graveyard
00:38 Ziggurat
00:56 Altar of Darkness
01:20 Ziggurat
01:39 Tomb of Relics
02:10 Nerubian Tower
02:10 Nerubian Tower
02:10 Nerubian Tower
04:35 Ziggurat
04:40 Ziggurat
04:44 Spirit Tower
04:44 Spirit Tower
06:42 Necropolis
07:09 Spirit Tower
10:39 Halls of the Dead
13:50 Black Citadel
13:50 Black Citadel
13:56 Slaughterhouse
14:04 Sacrificial Pit
14:17 Sacrificial Pit
14:21 Sacrificial Pit
15:43 Ziggurat
16:38 Boneyard
16:40 Boneyard
16:46 Boneyard
» items
| Rod of Necromancy | 4 | |
| Sacrificial Skull | 1 | |
| Scroll of Town Portal | 8 | |
| Dust of Appearance | 1 | |
| Orb of Corruption | 1 | |
15 total

»
SOMETIMES_I_BS (
blue | 38 APM | 966 actions | 25:22)
7 Goblin Tinker
3 Pocket Factory
3 Engineering Upgrade
1 Robo-Goblin
» actions
| Basic commands | 1 | |
| Build / train | 83 | |
| Enter build submenu | 13 | |
| Enter hero's abilities submenu | 7 | |
| Right click | 498 | |
| Select / deselect | 316 | |
| Use ability | 48 | |
966 total
» units
| Wisp | 12 | |
| Huntress | 14 | |
| Dryad | 31 | |
| Druid of the Claw | 3 | |
60 total
» upgrades
| Strength of the Moon | 1 | |
| Ultravision | 1 | |
| Abolish Magic | 1 | |
| Strength of the Wild | 2 | |
| Reinforced Hides | 2 | |
| Druid of the Claw Training | 2 | |
9 total
» buildings
| Moon Well | 5 | |
| Ancient of War | 2 | |
| Altar of Elders | 1 | |
| Hunter's Hall | 1 | |
| Tree of Ages | 1 | |
| Ancient of Lore | 2 | |
| Tree of Eternity | 1 | |
| Ancient of Wind | 1 | |
| Ancient of Wonders | 1 | |
15 total
» build order
00:22 Moon Well
00:37 Ancient of War
01:46 Altar of Elders
01:57 Moon Well
02:07 Hunter's Hall
02:29 Ancient of War
02:50 Moon Well
05:18 Tree of Ages
07:40 Ancient of Lore
07:43 Ancient of Lore
07:46 Moon Well
11:59 Tree of Eternity
12:11 Moon Well
19:54 Ancient of Wind
22:06 Ancient of Wonders
» items
| Potion of Healing | 1 | |
| Scroll of Healing | 1 | |
| Scroll of Town Portal | 1 | |
| Scroll of Regeneration | 1 | |
4 total
uR-aLL-NooBs (
red | 48 APM | 1236 actions | 25:55)
4 Archmage
1 Summon Water Elemental
1 Brilliance Aura
2 Blizzard
2 Blood Mage
2 Flame Strike
1 Paladin
1 Holy Light
» actions
| Basic commands | 1 | |
| Build / train | 72 | |
| Enter build submenu | 25 | |
| Enter hero's abilities submenu | 8 | |
| Give item / drop item | 1 | |
| Right click | 738 | |
| Select / deselect | 337 | |
| Use ability | 54 | |
1236 total
» units
| Peasant | 9 | |
| Footman | 6 | |
| Rifleman | 14 | |
| Mortar Team | 7 | |
| Sorceress | 4 | |
| Siege Engine | 2 | |
42 total
» upgrades
| Gunpowder | 2 | |
| Armor | 1 | |
| Long Rifles | 1 | |
| Flare | 1 | |
| Barrage | 1 | |
6 total
» buildings
| Barracks | 1 | |
| Farm | 12 | |
| Altar of Kings | 1 | |
| Scout Tower | 3 | |
| Arcane Tower | 5 | |
| Lumber Mill | 1 | |
| Blacksmith | 1 | |
| Arcane Vault | 2 | |
| Guard Tower | 2 | |
| Keep | 1 | |
| Workshop | 2 | |
| Arcane Sanctum | 1 | |
| Castle | 1 | |
33 total
» build order
00:22 Barracks
00:39 Farm
01:14 Altar of Kings
01:21 Scout Tower
01:30 Farm
02:03 Arcane Tower
02:03 Arcane Tower
02:04 Arcane Tower
02:22 Farm
02:27 Scout Tower
02:40 Farm
02:50 Farm
03:00 Lumber Mill
03:05 Farm
03:33 Blacksmith
03:55 Arcane Vault
04:28 Guard Tower
04:31 Scout Tower
05:23 Guard Tower
06:54 Keep
09:48 Workshop
09:51 Workshop
10:20 Arcane Sanctum
11:04 Farm
11:07 Farm
12:33 Farm
12:35 Farm
15:20 Farm
15:24 Farm
19:11 Castle
20:00 Arcane Vault
» items
| Scroll of Regeneration | 2 | |
| Scroll of Town Portal | 1 | |
3 total
team 2 (winner)
CHRONICtOKE (
orange | 54 APM | 1504 actions | 27:45)
6 Warden
3 Fan of Knives
2 Blink
1 Spirit of Vengeance
» actions
| Assign group hotkey | 23 | |
| Build / train | 71 | |
| Enter build submenu | 17 | |
| Enter hero's abilities submenu | 6 | |
| Remove unit from queue | 2 | |
| Right click | 665 | |
| Select / deselect | 266 | |
| Select group hotkey | 310 | |
| Use ability | 144 | |
1504 total
» units
| Wisp | 22 | |
| Archer | 18 | |
| Makrura Snapper | 1 | |
| Giant Sea Turtle | 1 | |
| Huntress | -1 | |
41 total
» upgrades
| Strength of the Moon | 1 | |
| Moon Armor | 1 | |
2 total
» buildings
| Altar of Elders | 2 | |
| Ancient of War | 3 | |
| Moon Well | 6 | |
| Ancient of Wonders | 1 | |
| Hunter's Hall | 1 | |
| Tree of Ages | 4 | |
| Tree of Life | 3 | |
20 total
» build order
00:20 Altar of Elders
00:24 Ancient of War
00:34 Moon Well
01:41 Moon Well
01:57 Ancient of Wonders
02:52 Moon Well
04:42 Ancient of War
04:47 Hunter's Hall
05:46 Moon Well
07:43 Ancient of War
08:24 Moon Well
09:52 Altar of Elders
11:01 Moon Well
12:13 Tree of Ages
12:13 Tree of Ages
12:13 Tree of Ages
13:38 Tree of Life
20:23 Tree of Life
27:35 Tree of Life
» items
| Lesser Clarity Potion | 2 | |
| Dust of Appearance | 1 | |
| Moonstone | 1 | |
| Scroll of Town Portal | 1 | |
| Potion of Mana | 1 | |
| Potion of Healing | 1 | |
7 total

»
blackbird.fly (
purple | 79 APM | 2187 actions | 27:46)
9 Goblin Alchemist
3 Chemical Rage
3 Acid Bomb
1 Transmute
2 Healing Spray
» actions
| Assign group hotkey | 98 | |
| Basic commands | 35 | |
| Build / train | 57 | |
| Enter build submenu | 13 | |
| Enter hero's abilities submenu | 9 | |
| Right click | 959 | |
| Select / deselect | 223 | |
| Select group hotkey | 706 | |
| Use ability | 87 | |
2187 total
» units
» upgrades
| Strength of the Wild | 2 | |
| Reinforced Hides | 2 | |
| Improved Bows | 1 | |
| Corrosive Breath | 1 | |
6 total
» buildings
| Moon Well | 6 | |
| Altar of Elders | 1 | |
| Ancient of War | 2 | |
| Tree of Ages | 1 | |
| Hunter's Hall | 1 | |
| Tree of Eternity | 1 | |
| Ancient of Wind | 1 | |
| Chimaera Roost | 3 | |
| Ancient of Wonders | 1 | |
17 total
» build order
00:14 Moon Well
00:23 Altar of Elders
01:15 Ancient of War
01:26 Ancient of War
01:48 Moon Well
02:36 Moon Well
04:33 Tree of Ages
05:19 Hunter's Hall
06:44 Moon Well
07:31 Tree of Eternity
07:32 Ancient of Wind
09:14 Moon Well
09:14 Moon Well
10:26 Chimaera Roost
10:26 Chimaera Roost
10:38 Ancient of Wonders
20:51 Chimaera Roost
» items
| Scroll of Town Portal | 4 | |
| Potion of Lesser Invulnerability | 2 | |
| Boots of Speed | 1 | |
| Staff of Teleportation | 1 | |
8 total

»
AlwaysRush (
yellow | 42 APM | 1153 actions | 27:45)
9 Beastmaster
3 Summon Quilbeast
3 Summon Hawk
1 Stampede
2 Summon Bear
» actions
| Basic commands | 10 | |
| Build / train | 86 | |
| Enter build submenu | 12 | |
| Enter hero's abilities submenu | 9 | |
| Give item / drop item | 1 | |
| Remove unit from queue | 5 | |
| Right click | 684 | |
| Select / deselect | 281 | |
| Use ability | 65 | |
1153 total
» units
» upgrades
| Strength of the Moon | 3 | |
| Moon Armor | 3 | |
| Upgrade Moon Glaive | 1 | |
| Marksmanship | 1 | |
| Well Spring | 1 | |
| Ultravision | 1 | |
| Improved Bows | 1 | |
11 total
» buildings
| Moon Well | 6 | |
| Ancient of War | 2 | |
| Altar of Elders | 1 | |
| Hunter's Hall | 1 | |
| Tree of Ages | 1 | |
| Tree of Eternity | 1 | |
12 total
» build order
00:23 Moon Well
00:36 Ancient of War
01:08 Altar of Elders
01:29 Moon Well
02:31 Hunter's Hall
03:05 Moon Well
05:15 Moon Well
07:11 Moon Well
07:12 Tree of Ages
09:39 Tree of Eternity
09:45 Moon Well
16:41 Ancient of War
» items
| Scroll of Town Portal | 4 | |
| Periapt of Vitality | 1 | |
| Potion of Lesser Invulnerability | 1 | |
| Orb of Lightning | 1 | |
| Healing Salve | 1 | |
| Staff of Teleportation | 1 | |
9 total

»
GuilhermeMM (
pink | 49 APM | 1355 actions | 27:45)
7 Far Seer
3 Feral Spirit
3 Chain Lighting
1 Earth Quake
» actions
| Build / train | 73 | |
| ESC pressed | 5 | |
| Enter build submenu | 22 | |
| Enter hero's abilities submenu | 7 | |
| Give item / drop item | 1 | |
| Right click | 644 | |
| Select / deselect | 461 | |
| Use ability | 142 | |
1355 total
» units
| Peon | 9 | |
| Grunt | 9 | |
| Raider | 14 | |
| Shaman | 4 | |
| Kodo Beast | 3 | |
| Troll Witch Doctor | 3 | |
42 total
» upgrades
| Pillage | 1 | |
| Armor | 1 | |
| Shaman Training | 2 | |
| Ensnare | 1 | |
| Spiked Barricades | 1 | |
| Melee Weapons | 1 | |
| Witch Doctor Training | 2 | |
| Troll Regeneration | 1 | |
| War Drums Damage Increase | 1 | |
| Reinforced Defenses | 1 | |
12 total
» buildings
| Orc Burrow | 8 | |
| Altar of Storms | 1 | |
| Barracks | 2 | |
| Stronghold | 1 | |
| Voodoo Lounge | 1 | |
| War Mill | 1 | |
| Spirit Lodge | 2 | |
| Beastiary | 1 | |
| Fortress | 1 | |
| Great Hall | 1 | |
19 total
» build order
00:20 Orc Burrow
01:05 Altar of Storms
01:23 Barracks
01:28 Barracks
01:48 Orc Burrow
02:55 Orc Burrow
05:48 Stronghold
05:50 Voodoo Lounge
05:53 Orc Burrow
06:49 Orc Burrow
07:46 War Mill
08:51 Spirit Lodge
10:30 Beastiary
10:35 Spirit Lodge
10:42 Orc Burrow
12:35 Fortress
19:51 Orc Burrow
19:54 Orc Burrow
25:15 Great Hall
» items
| Healing Salve | 1 | |
| Scroll of Town Portal | 3 | |
| Potion of Healing | 2 | |
6 total
Chat log
(00:08 / Allies) GuilhermeMM: hi
(00:10 / Allies) GuilhermeMM: rush?
(00:13 / Allies) AlwaysRush: sure
(00:24 / Allies) GuilhermeMM: grunts
(00:44 / Allies) blackbird.fly: clan toke #1
(00:50 / Allies) CHRONICtOKE: lol
(00:53 / Allies) CHRONICtOKE: u in the clan?
(00:57 / Allies) AlwaysRush: hunts and grunts?
(00:59 / Allies) blackbird.fly: im yoshi's brother
(01:07 / Allies) CHRONICtOKE: oo lol
(01:08 / Allies) CHRONICtOKE: nice
(03:25 / Allies) GuilhermeMM: rdy?
(04:34 / All) CHRONICtOKE: fail
(04:43 / All) uR-aLL-NooBs: not really
(04:47 / All) uR-aLL-NooBs: have fun with two wells...
(04:49 / All) CHRONICtOKE: lmao
(04:54 / All) CHRONICtOKE: u didnt kill it
(04:55 / Allies) GuilhermeMM: go
(04:59 / All) CHRONICtOKE: moron
(05:03 / All) uR-aLL-NooBs: yes i did tard
(05:03 / All) CHRONICtOKE: its still alive.. 3
(05:07 / All) CHRONICtOKE: lmao
(05:08 / All) CHRONICtOKE: watch replay
(05:10 / All) uR-aLL-NooBs: ur a fucking tard
(05:11 / All) CHRONICtOKE: u didnt
(05:19 / All) CHRONICtOKE: ok why am i healing it?
(05:23 / All) CHRONICtOKE: and have 3 wells?
(05:27 / All) uR-aLL-NooBs: ..........
(05:34 / All) blackbird.fly: 1st world problems!
(05:51 / Allies) CHRONICtOKE: cpoem now
(05:53 / Allies) CHRONICtOKE: they hitting me
(06:21 / Allies) CHRONICtOKE: help assholes
(06:25 / Allies) blackbird.fly: tp lazy asses
(06:26 / Allies) blackbird.fly: god
(07:22 / Allies) CHRONICtOKE: wood plz
(07:47 / Allies) CHRONICtOKE: wpoooo dplz
(08:01 / Allies) GuilhermeMM: purp
(08:02 / Allies) GuilhermeMM: wtf
(10:02 / Allies) CHRONICtOKE: woo PLEASE
(10:03 / Allies) CHRONICtOKE: WOOD
(10:17 / Allies) CHRONICtOKE: giome ufckign wood nub
(10:37 / Allies) CHRONICtOKE: GIVE
(10:37 / Allies) CHRONICtOKE: ME
(10:38 / Allies) CHRONICtOKE: WOOD
(10:39 / Allies) CHRONICtOKE: U
(10:40 / Allies) CHRONICtOKE: FUCKING MORON
(10:45 / Allies) blackbird.fly: lol
(10:52 / Allies) CHRONICtOKE: wow
(10:54 / Allies) CHRONICtOKE: he wont..
(10:58 / Allies) CHRONICtOKE: wtf is this kid porb
(11:02 / Allies) GuilhermeMM: who u talking to?
(11:06 / Allies) CHRONICtOKE: YIOU RETARD
(11:09 / Allies) CHRONICtOKE: GIMME FUCKIGN WOOD
(11:16 / Allies) CHRONICtOKE: U HAVE 1500
(11:19 / Allies) CHRONICtOKE: WHO ELSE???????????
(11:20 / Allies) GuilhermeMM: i know
(11:30 / Allies) GuilhermeMM: but u talk like a dumb
(11:36 / Allies) CHRONICtOKE: FUCK U NIGGER
(11:39 / Allies) CHRONICtOKE: KEEP UR SHIT WOOD
(11:41 / Allies) CHRONICtOKE: UR SCRUB
(11:55 / Allies) CHRONICtOKE: SEE IF I TP TO YOU
(11:59 / Allies) CHRONICtOKE: AND HELP YOU AGAIN
(12:01 / Allies) CHRONICtOKE: FAGGOT NIGGER
(12:33 / Allies) CHRONICtOKE: WHY U SOLO 2
(12:38 / Allies) blackbird.fly: i just want lvl 6
(12:49 / Allies) CHRONICtOKE: so ur not trying to win..?
(13:07 / Allies) CHRONICtOKE: tp
(13:29 / All) uR-aLL-NooBs: gg
(13:54 / All) uR-aLL-NooBs: guess i didnt kill ur main either
(14:10 / All) CHRONICtOKE: u didnt kill the moon fucktard
(14:12 / All) CHRONICtOKE: goddamn ur dumb
(14:13 / All) CHRONICtOKE: nerd
(14:17 / All) uR-aLL-NooBs: noob
(14:47 / Allies) CHRONICtOKE: ne
(16:29 / Allies) CHRONICtOKE: fuckin all work together
(16:31 / Allies) CHRONICtOKE: be a 4s team
(16:32 / Allies) CHRONICtOKE: jesus nubs
(19:11 / All) CHRONICtOKE: man ur good
(19:18 / All) uR-aLL-NooBs: u have no base
(19:20 / All) uR-aLL-NooBs: stfu
(19:27 / All) uR-aLL-NooBs: or units
(19:27 / All) CHRONICtOKE: i dont??
(19:28 / All) uR-aLL-NooBs: or hero
(19:32 / All) CHRONICtOKE: lmao??
(19:34 / All) CHRONICtOKE: i dont??
(19:40 / All) CHRONICtOKE: how are u wrong about everything
(19:44 / All) CHRONICtOKE: are u really that dumb?
(19:49 / All) uR-aLL-NooBs: ......
(19:59 / All) CHRONICtOKE: yea this isnt my hero attacking u
(20:09 / All) CHRONICtOKE: yea ur tower
(20:12 / All) CHRONICtOKE: didnt just gimme lvl 6
(20:13 / All) CHRONICtOKE: lmao
(20:14 / All) uR-aLL-NooBs: cry more dude
(20:17 / All) uR-aLL-NooBs: i just killed ur base
(20:22 / All) uR-aLL-NooBs: want to bitch more about it?
(20:31 / Allies) CHRONICtOKE: fuck
(20:33 / Allies) CHRONICtOKE: gold for hero plz
(20:35 / Allies) CHRONICtOKE: : (
(20:37 / Allies) CHRONICtOKE: lvl 6
(20:52 / Allies) CHRONICtOKE: else im fucked
(20:53 / Allies) CHRONICtOKE: and outa game
(20:58 / Allies) CHRONICtOKE: goldfor hero plz
(21:04 / Allies) GuilhermeMM: out pls
(21:05 / Allies) CHRONICtOKE: 200 more
(21:13 / Allies) CHRONICtOKE: 204
(21:19 / Allies) CHRONICtOKE: 4 gold
(21:20 / Allies) CHRONICtOKE: lol
(21:33 / Allies) CHRONICtOKE: 4 gold now
(21:34 / Allies) CHRONICtOKE: plz
(21:36 / Allies) CHRONICtOKE: beforte its topo late
(21:49 / Allies) CHRONICtOKE: wtf
(22:01 / Allies) CHRONICtOKE: ty
(22:10 / Allies) CHRONICtOKE: we need to hit now
(22:37 / All) CHRONICtOKE: u map hack
(22:39 / All) CHRONICtOKE: lmao
(22:40 / All) uR-aLL-NooBs: how many times u gonna build that tree?
(22:51 / Allies) AlwaysRush: need purple
(22:54 / All) CHRONICtOKE: how many times u gonna hack n wait till its done
(23:01 / All) uR-aLL-NooBs: im right next to u
(23:03 / All) mike10: lol red
(23:05 / All) uR-aLL-NooBs: i just hit
(23:11 / All) mike10: no tp red?
(23:16 / Allies) CHRONICtOKE: gj man
(23:17 / Allies) CHRONICtOKE: nice
(23:19 / All) mike10: damn you are amazing
(23:20 / All) uR-aLL-NooBs: and green u still just sit
(23:22 / All) uR-aLL-NooBs: ALLL GAME
(23:24 / All) uR-aLL-NooBs: plz talk more
(23:26 / Allies) CHRONICtOKE: graveyard
(23:27 / Allies) CHRONICtOKE: i use lvl 6
(23:29 / All) uR-aLL-NooBs: U STILL HAVE YET TO HIT
(23:32 / All) mike10: im saving your stupid ass
(23:36 / All) uR-aLL-NooBs: game would be over noob
(23:41 / All) uR-aLL-NooBs: me and blue fucking 2v4
(23:46 / All) uR-aLL-NooBs: game would have been over
(23:48 / All) mike10: alright fuck this purple you get a free hit on red
(23:54 / Allies) CHRONICtOKE: kiill wyrms
(23:56 / All) uR-aLL-NooBs: blue over here begging green to come hit
(23:57 / All) uR-aLL-NooBs: LMFAO
(24:07 / All) mike10: red your bad
(24:09 / All) uR-aLL-NooBs: green is a tard
(24:14 / All) mike10: theres a reason you cant win over half the time
(24:18 / All) uR-aLL-NooBs: now teal is dead cuz he takes so fucking long to hit
(24:18 / All) GuilhermeMM: GG
(24:30 / Allies) blackbird.fly: tp to me?
(25:20 / All) uR-aLL-NooBs: god damn... wouldve been an easy win
(25:23 / All) uR-aLL-NooBs: but green.....
(25:27 / All) mike10: red ur shit
(25:28 / All) CHRONICtOKE: ifu didnt blow?
(25:29 / All) mike10: get over it
(25:30 / All) blackbird.fly: lolz
(25:31 / All) uR-aLL-NooBs: blue was the only person that got it
(25:32 / All) JadiZZLe07: fail team
(25:36 / All) blackbird.fly: i think blue is mhing
(25:40 / All) uR-aLL-NooBs: me and blue the only ones playing
(25:43 / All) uR-aLL-NooBs: no
(25:46 / All) uR-aLL-NooBs: he just hit with me
(25:47 / All) uR-aLL-NooBs: Every time
(25:53 / All) uR-aLL-NooBs: while teal and green sit like tards
(25:57 / All) mike10: again your a 50% player for a reason
(26:03 / All) blackbird.fly: lawl
(26:07 / All) mike10: fucking idiot
(26:12 / All) mike10: bitching for the last 10 minutes
(27:03 / All) blackbird.fly: its not over actually
(27:11 / All) mike10: it is
(27:14 / All) mike10: just having some fun
(27:22 / All) blackbird.fly: i refuse to use my chims
(27:36 / All) mike10: meh gg